 Dungeon Crawl Stone Soup version 0.22.0-18-ge075c0d (webtiles) character file.

432 Lauz the Slasher (level 6, -2/56 HPs)
             Began as a Minotaur Berserker on Aug 18, 2018.
             Was a Priest of Trog.
             Slain by a slave (9 damage)
             ... led by Pikel
             ... on level 4 of the Dungeon.
             The game lasted 00:07:16 (3610 turns).

Lauz the Slasher (Minotaur Berserker)               Turns: 3610, Time: 00:07:16

Health: -2/56      AC:  3    Str: 24    XL:     6   Next: 67%
Magic:  5/5        EV: 12    Int:  4    God:    Trog [***...]
Gold:   111        SH:  0    Dex:  9    Spells: 5/5 levels left

rFire    . . .     SeeInvis .   a - +0 falchion
rCold    . . .     Gourm    .   (no shield)
rNeg     . . .     Faith    .   h - +0 leather armour
rPois    .         Spirit   .   (helmet restricted)
rElec    .         Reflect  .   (no cloak)
rCorr    .         Harm     .   (no gloves)
MR       ++...                  (no boots)
Stlth    +.........             (no amulet)
HPRegen  1.18/turn              (no ring)
MPRegen  0.09/turn              (no ring)

@: regenerating
A: retaliatory headbutt, horns 2
a: Berserk, Trog's Hand, Renounce Religion


You were on level 4 of the Dungeon.
You worshipped Trog.
Trog was most pleased with you.
You were not hungry.

You visited 1 branch of the dungeon, and saw 4 of its levels.

You collected 111 gold pieces.

Inventory:

Hand Weapons
 a - a +0 falchion (weapon)
Armour
 b - a +0 animal skin
 h - a +0 leather armour (worn)
 j - a +0 plate armour
Jewellery
 m - an uncursed amulet of rage {unknown}
 t - an uncursed ring of protection from fire {unknown}
Scrolls
 d - 4 scrolls of identify {unknown}
 f - 2 scrolls of amnesia {unknown}
 k - 6 scrolls of teleportation {unknown}
 n - 2 scrolls of remove curse {unknown}
 o - a scroll of enchant weapon {unknown}
 p - a scroll of magic mapping {unknown}
 r - a scroll of enchant armour {unknown}
 u - a scroll of fear {unknown}
 v - a scroll of fog {unknown}
 x - a scroll of noise {unknown}
Potions
 e - a potion of might {unknown}
 g - a potion of heal wounds {unknown}
 i - a potion of degeneration {unknown}
 l - 3 potions of flight {unknown}
 q - 2 potions of resistance {unknown}
 s - a potion of ambrosia {unknown}
 w - a potion of magic {unknown}
Comestibles
 c - 6 rations


   Skills:
 + Level 5.4 Fighting
 * Level 7.6 Long Blades
 + Level 3.5 Armour
 - Level 2.1 Dodging
 + Level 0.3 Stealth


You had 5 spell levels left.
You didn't know any spells.
Your spell library was empty.

Dungeon Overview and Level Annotations

Branches:
Dungeon (4/15)
 Temple: D:4-7

Altars:
Ashenzari
Elyvilon
Hepliaklqana
Makhleb

Annotations:
D:4 Pikel


Innate Abilities, Weirdness & Mutations

You reflexively headbutt those who attack you in melee.
You have a pair of horns on your head.


Message History

The slave barely misses you. x2; Pikel hits you with a whip of freezing.
Pikel freezes you.
You hit Pikel.
Pikel is moderately wounded.
The slave barely misses you. You furiously retaliate!
You headbutt the slave.
You riposte.
You slash the slave! Your headbutt misses the slave.
The slave is moderately wounded.
The slave hits you! Pikel hits you with a whip of freezing. Pikel freezes you.
You hit Pikel but do no damage.
Pikel is lightly wounded.
The slave hits you! The slave hits you.
* * * LOW HITPOINT WARNING * * *
Pikel hits you with a whip of freezing.
* * * LOW HITPOINT WARNING * * *
Pikel freezes you.
* * * LOW HITPOINT WARNING * * *
Your skin crawls.
You feel resistant to hostile enchantments.
You feel somewhat more hungry. The slave hits you!
You die...

# ..... .# # #
#.#.##.#.# #######
#....#.#.## .......
###........?. ....<..
.......... #######
#####.pp...# #
......Kpp#.# # #@##.#
# #.##.# # #.##.## #
#[....# #
#.######..############
#.........(..........
#.####################


You could see Pikel and 4 slaves.

Vanquished Creatures
  Sigmund (D:2)
  A crimson imp (D:2)
  2 orc priests (D:4)
  A worker ant (D:4)
  Robin (D:2)
  3 gnolls (D:2)
  3 adders
  An ooze (D:4)
  2 worms
  A dart slug (D:3)
  2 leopard geckos (D:4)
  2 orcs (D:4)
  4 giant cockroaches
  19 goblins
  9 hobgoblins
  4 jackals
  5 kobolds
  A quokka (D:2)
  A ball python (D:2)
  7 bats
  6 frilled lizards
  A jackal skeleton (D:4)
  6 rats
83 creatures vanquished.

Vanquished Creatures (others)
  2 goblins (D:2)
2 creatures vanquished.

Grand Total: 85 creatures vanquished

Notes
Turn   | Place    | Note
-------+----------+-------------------------------------------
     0 | D:1      | Lauz the Minotaur Berserker began the quest for the Orb.
     0 | D:1      | Reached XP level 1. HP: 19/19 MP: 0/0
   541 | D:1      | Reached XP level 2. HP: 23/27 MP: 1/1
  1210 | D:2      | Reached skill level 4 in Long Blades
  1539 | D:2      | Found a burning altar of Makhleb.
  1544 | D:2      | Reached XP level 3. HP: 17/33 MP: 2/2
  1712 | D:2      | Reached skill level 5 in Long Blades
  1973 | D:2      | Reached XP level 4. HP: 41/41 MP: 3/3
  2024 | D:2      | Noticed Sigmund
  2025 | D:2      | Noticed Robin
  2034 | D:2      | Killed Sigmund
  2034 | D:2      | Reached skill level 5 in Fighting
  2034 | D:2      | Reached skill level 6 in Long Blades
  2034 | D:2      | Reached XP level 5. HP: 48/48 MP: 4/4
  2036 | D:2      | Reached ** piety under Trog
  2042 | D:2      | Killed Robin
  2417 | D:2      | Reached XP level 6. HP: 46/56 MP: 5/5
  2829 | D:3      | Found a hazy altar of Hepliaklqana.
  2910 | D:3      | Reached skill level 7 in Long Blades
  2995 | D:3      | Found a shattered altar of Ashenzari.
  3080 | D:3      | Found a white marble altar of Elyvilon.
  3322 | D:4      | Reached *** piety under Trog
  3601 | D:4      | Noticed Pikel
  3601 | D:4      | Noticed a slave
  3602 | D:4      | Noticed a slave
  3602 | D:4      | Noticed a slave
  3602 | D:4      | Noticed a slave
  3610 | D:4      | Slain by a slave

Skill      XL: |  1  2  3  4  5  6 |
---------------+-------------------+-----
Fighting       | 4 5 |  5.4
Long Blades    | 4 5 6 7 |  7.6
Armour         | 3 |  3.5
Dodging        | |  2.1
Stealth        | |  0.3

Action                   |  1- 3 |  4- 6 || total
-------------------------+-------+-------++-------
Melee: Falchion          |    44 |   122 ||   166
       Headbutt          |     8 |    14 ||    22
Invok: Berserk           |     1 |     1 ||     2
       Trog's Hand       |       |     1 ||     1
 Stab: Sleeping          |       |     1 ||     1
  Eat: Chunk             |     4 |     7 ||    11
Armor: Animal skin       |     4 |       ||     4
       Leather armour    |     4 |    21 ||    25
Dodge: Dodged            |    28 |    83 ||   111
       Rpst.: Falchion   |    11 |    19 ||    30
